 Dungeon Sprint DCSS version 0.20-a0-81-g6e69d53 (webtiles) character file.

7274 useraccount the Carver (level 11, -4/102 HPs)
             Began as a Formicid Fighter on Nov 20, 2016.
             Was the Champion of Cheibriados.
             Slain by a death yak (6 damage)
             ... in the Dungeon (Sprint IX: "|||||||||||||||||||||||||||||").
             The game lasted 00:02:49 (1295 turns).

useraccount the Carver (Formicid Fighter)           Turns: 1295, Time: 00:02:50

Health: -4/102     AC: 14    Str: 38    XL:     11   Next: 34%
Magic:  7/19       EV:  2    Int: 24    God:    Cheibriados [******]
Gold:   15         SH:  0    Dex: 25    Spells: 0 memorised, 10 levels left

rFire  . . .     SeeInvis +     a - +2 scimitar (flame)
rCold  . . .     Gourm    .     p - +1 chain mail
rNeg   + + +     Faith    .     c - +0 shield
rPois  ∞         Spirit   .     (helmet unavailable)
rElec  .         Reflect  .     (no cloak)
rCorr  .         Harm     .     q - +0 pair of gloves
MR     +....                    (no boots)
Stlth  ..........               (no amulet)
                                (no ring)
                                (no ring)

@: petrified, very slow
A: permanent stasis, dig shafts and tunnels, four strong arms, antennae 3,
blurry vision 1, robust 1
a: Dig, Bend Time, Temporal Distortion, Slouch, Step From Time, Renounce
Religion


You were in the Dungeon.
You worshipped Cheibriados.
Cheibriados was exalted by your worship.
You were hungry.

You visited 1 branch You collected 15 gold pieces.

Inventory:

Hand Weapons
 a - a +2 scimitar of flaming (weapon)
Armour
 c - a +0 shield (worn)
 p - a +1 chain mail (worn)
 q - a +0 pair of gloves (worn)
Wands
 o - a wand of iceblast (7/15)
Scrolls
 k - 2 scrolls of enchant weapon
 m - 3 scrolls of remove curse
 n - 2 scrolls of amnesia
 r - 2 scrolls of recharging
 s - 2 scrolls of enchant armour
 t - a scroll of fear
Potions
 d - a potion of might
 e - a potion of invisibility
 g - 5 potions of heal wounds
 h - a potion of resistance
 i - 4 potions of magic
 j - a potion of cure mutation
 l - 5 potions of curing
Comestibles
 b - 3 chunks of flesh
 f - a bread ration


   Skills:
 + Level 11.5 Fighting
 * Level 14.0 Long Blades
 + Level 11.6 Armour
 + Level 9.3 Dodging
 + Level 12.5 Shields
 + Level 11.5 Invocations


You had 10 spell levels left.
You didn't know any spells.

Dungeon Overview and Level Annotations

Branches:
Dungeon (1/1)

Altars:
Cheibriados
Dithmenos
Elyvilon
Fedhas
Gozag
Hepliaklqana
Kikubaaqudgha
Makhleb
Nemelex Xobeh
Okawaru
Qazlal
Ru
Sif Muna
Trog
Uskayaw
Vehumet
Xom
Yredelemnul
Zin
The Shining One
Beogh
Jiyva
Lugonu


Innate Abilities, Weirdness & Mutations

You are under a permanent stasis effect.
You can dig through walls and to a lower floor.
Your four strong arms can wield two-handed weapons with a shield.
You have a pair of large antennae on your head. (SInv)
Scrolls take you a little longer to read.
You are robust. (+10% HP)


Message History

The death yak is heavily wounded.
You are engulfed in calcifying dust.
The death yak gores you.
* * * LOW HITPOINT WARNING * * *
Your limbs are stiffening.
Unknown command.
You slice the death yak!! You burn the death yak.
The death yak is almost dead.
You are engulfed in calcifying dust.
Your limbs have turned to stone.
The death yak completely misses you.
You have turned to stone.
You are engulfed in calcifying dust.
The death yak gores you but does no damage.
You are engulfed in calcifying dust.
The death yak gores you!!
* * * LOW HITPOINT WARNING * * *
You are engulfed in calcifying dust.
The death yak gores you!
* * * LOW HITPOINT WARNING * * *
The death yak gores you but does no damage. x2
The death yak gores you!!
* * * LOW HITPOINT WARNING * * *
The death yak gores you!
You die...

▓▓▓▓▓▓▓▓▓▓▓▓▓▓▓▓▓▓▓▓▓▓▓▓▓▓▓▓▓▓▓▓▓
(...(.'..=[[?|..'._______________
▓▓▓▓▓▓▓▓▓▓▓▓▓▓▓▓▓▓▓▓▓▓▓▓▓▓▓▓▓▓▓▓▓
.................................
▓▓▓▓▓▓▓▓▓▓▓▓▓▓▓▓▓▓▓▓▓▓▓▓▓▓▓▓▓▓▓▓▓
{.....YY@.....†...'÷†....
▓▓▓▓▓▓▓▓▓▓▓▓▓▓▓▓▓▓▓▓▓▓▓▓


{{{{{ { { { {{{{{ {{{{{{{{{{{{ {{ You could see a death yak and a yak.

Vanquished Creatures
  A catoblepas (D)
  4 death yaks (D)
  An elephant (D)
  A spiny frog (D)
  3 komodo dragons (D)
  A polar bear (D)
  A blink frog (D)
  A slime creature (D)
  2 hippogriffs (D)
  A shadow (D)
  A basilisk (D)
  A wyvern (D)
  2 yaks (D)
  2 water moccasins (D)
  2 porcupines (D)
  2 sky beasts (D)
  A centaur (D)
  A crocodile (D)
  3 bullfrogs (D)
  A scorpion (D)
  A killer bee (D)
  A jelly (D)
  A worker ant (D)
  2 adders (D)
  An adder skeleton (D)
  A bat skeleton (D)
  A bat zombie (D)
  A jackal (D)
  A kobold (D)
  A bat (D)
  A jackal zombie (D)
  2 rats (D)
46 creatures vanquished.

Notes
Turn   | Place    | Note
-------+----------+-------------------------------------------
     0 | D        | useraccount the Formicid Fighter began the quest for the Orb.
     0 | D        | Reached XP level 1. HP: 18/18 MP: 1/1
    31 | D        | Reached skill level 1 in Dodging
    46 | D        | Noticed a worker ant
    52 | D        | Killed a worker ant
    52 | D        | Reached skill level 4 in Long Blades
    52 | D        | Reached XP level 2. HP: 12/25 MP: 2/2
    52 | D        | Reached XP level 3. HP: 14/30 MP: 3/3
    61 | D        | Reached skill level 5 in Shields
    73 | D        | Reached XP level 4. HP: 11/38 MP: 4/4
   297 | D        | Found a roughly hewn altar of Beogh.
   297 | D        | Found a snail-covered altar of Cheibriados.
   297 | D        | Found a shadowy altar of Dithmenos.
   297 | D        | Found a white marble altar of Elyvilon.
   297 | D        | Found a blossoming altar of Fedhas.
   297 | D        | Found an opulent altar of Gozag.
   298 | D        | Found a hazy altar of Hepliaklqana.
   299 | D        | Found a viscous altar of Jiyva.
   300 | D        | Found an ancient bone altar of Kikubaaqudgha.
   301 | D        | Found a corrupted altar of Lugonu.
   302 | D        | Found a burning altar of Makhleb.
   303 | D        | Found a sparkling altar of Nemelex Xobeh.
   304 | D        | Found an iron altar of Okawaru.
   305 | D        | Found a stormy altar of Qazlal.
   306 | D        | Found a sacrificial altar of Ru.
   307 | D        | Found a deep blue altar of Sif Muna.
   308 | D        | Found a bloodstained altar of Trog.
   309 | D        | Found a hide-covered altar of Uskayaw.
   310 | D        | Found a radiant altar of Vehumet.
   311 | D        | Found a shimmering altar of Xom.
   312 | D        | Found a basalt altar of Yredelemnul.
   313 | D        | Found a glowing silver altar of Zin.
   314 | D        | Found a glowing golden altar of the Shining One.
   333 | D        | Became a worshipper of Cheibriados the Contemplative
   412 | D        | Noticed a bullfrog
   412 | D        | Noticed a sky beast
   412 | D        | Noticed a sky beast
   417 | D        | Killed a sky beast
   417 | D        | Reached * piety under Cheibriados
   417 | D        | Reached skill level 5 in Fighting
   417 | D        | Reached skill level 6 in Long Blades
   417 | D        | Reached skill level 5 in Armour
   417 | D        | Reached XP level 5. HP: 37/44 MP: 4/7
   422 | D        | Killed a sky beast
   422 | D        | Reached skill level 7 in Long Blades
   422 | D        | Reached XP level 6. HP: 26/52 MP: 4/9
   424 | D        | Reached ** piety under Cheibriados
   428 | D        | Reached skill level 5 in Invocations
   430 | D        | Reached *** piety under Cheibriados
   430 | D        | Reached skill level 8 in Long Blades
   430 | D        | Reached XP level 7. HP: 20/59 MP: 5/11
   435 | D        | Gained mutation: You are robust. (+10% HP) [mutagenic meat]
   436 | D        | Gained mutation: Scrolls take you a little longer to read. [mutagenic meat]
   651 | D        | Noticed a shadow
   651 | D        | Noticed a yak
   651 | D        | Noticed a slime creature
   659 | D        | Killed a slime creature
   659 | D        | Reached skill level 5 in Dodging
   662 | D        | Reached skill level 9 in Long Blades
   665 | D        | Killed a yak
   665 | D        | Reached **** piety under Cheibriados
   665 | D        | Reached XP level 8. HP: 67/74 MP: 11/13
   668 | D        | Killed a shadow
   798 | D        | Noticed a komodo dragon
   798 | D        | Noticed a komodo dragon
   798 | D        | Noticed a komodo dragon
   799 | D        | Reached ***** piety under Cheibriados
   801 | D        | Noticed a blink frog
   801 | D        | Killed a komodo dragon
   801 | D        | Reached skill level 10 in Long Blades
   803 | D        | Noticed a hippogriff
   804 | D        | Noticed a polar bear
   805 | D        | Reached XP level 9. HP: 54/82 MP: 13/15
   805 | D        | Killed a blink frog
   808 | D        | Killed a komodo dragon
   808 | D        | Reached skill level 11 in Long Blades
   808 | D        | Reached skill level 10 in Shields
   811 | D        | Killed a komodo dragon
   814 | D        | Killed a hippogriff
   814 | D        | Reached ****** piety under Cheibriados
   817 | D        | Killed a polar bear
  1122 | D        | Noticed a spiny frog
  1122 | D        | Noticed an elephant
  1125 | D        | Reached XP level 10. HP: 93/93 MP: 15/17
  1132 | D        | Killed an elephant
  1132 | D        | Reached skill level 10 in Fighting
  1132 | D        | Reached skill level 12 in Long Blades
  1132 | D        | Reached skill level 10 in Armour
  1133 | D        | Killed a spiny frog
  1136 | D        | Reached skill level 10 in Invocations
  1251 | D        | Noticed a death yak
  1251 | D        | Noticed a death yak
  1251 | D        | Noticed a death yak
  1251 | D        | Noticed a death yak
  1255 | D        | Noticed a catoblepas
  1257 | D        | Killed a death yak
  1257 | D        | Reached skill level 13 in Long Blades
  1259 | D        | Noticed a death yak
  1262 | D        | Killed a death yak
  1265 | D        | Killed a death yak
  1265 | D        | Reached XP level 11. HP: 79/102 MP: 3/19
  1270 | D        | Killed a death yak
  1285 | D        | Killed a catoblepas
  1285 | D        | Reached skill level 14 in Long Blades
  1294 | D        | HP: 2/102 [death yak (10)]
  1295 | D        | Slain by a death yak

Vault maps used:
D:        linesprint

Skill      XL: |  1  2  3  4  5  6  7  8  9 10 11 |
---------------+----------------------------------+-----
Dodging        | 2 3 4 5 6 7 9 |  9.3
Fighting       | 4 5 6 7 8 9 11 | 11.5
Long Blades    | 4 6 7 8 9 10 11 13 14 | 14.0
Armour         | 4 5 6 7 8 9 11 | 11.6
Shields        | 4 5 6 7 8 9 10 12 | 12.5
Invocations    | 2 4 5 6 8 9 11 | 11.5

Action                   |  1- 3 |  4- 6 |  7- 9 | 10-12 || total
-------------------------+-------+-------+-------+-------++-------
Melee: Long sword        |    53 |       |       |       ||    53
       Scimitar          |       |    18 |    33 |    38 ||    89
Invok: Slouch            |       |       |     1 |     4 ||     5
  Use: Potion            |     1 |       |       |       ||     1
  Eat: Chunk             |       |       |     2 |       ||     2
Armor: Scale mail        |    29 |       |       |       ||    29
       Chain mail        |       |     3 |     6 |    12 ||    21
Dodge: Dodged            |    18 |     5 |     9 |     6 ||    38
Block: Shield            |    32 |     7 |    19 |    17 ||    75
       Rpst.: Long sword |     5 |       |       |       ||     5
       Scimitar          |       |     2 |     4 |     1 ||     7
